 Dungeon Crawl Stone Soup version 0.31.0-32-g396128a36d (webtiles) character file.

Game seed: 626764040025032625

233 H0rd4k the Insei (level 6, -2/39 HPs)
             Began as an Octopode Artificer on Mar 25, 2024.
             Slain by an iguana (11 damage)
             ... on level 4 of the Dungeon.
             The game lasted 00:02:11 (2278 turns).

H0rd4k the Insei (Octopode Artificer)               Turns: 2278, Time: 00:02:11

Health: -2/39      AC:  1    Str: 11    XL:     6   Next: 4%
Magic:  15/15      EV: 18    Int: 15    God:
Gold:   125        SH:  0    Dex: 13    Spells: 5/5 levels left

rFire   . .          .
                       - Unarmed
rCold   . . .        (no shield)
rNeg    . . .        (helmet restricted)
rPois   .            (no amulet)
rElec   .            p - +5 ring of evasion
rCorr   .            r - ring of magical power
SInv    .            (no ring)
Will    .....        (no ring)
Stlth   +++          (no ring)
HPRegen 0.26/turn    (no ring)
MPRegen 0.14/turn    (no ring)
                     (no ring)

%: no passive effects
@: no status effects
A: almost no armour, amphibious, 8 rings, camouflage 1, gelatinous body 1,
(nimble swimmer 1), tentacles
a: no special abilities


You were on level 4 of the Dungeon.
You visited 1 branch of the dungeon, and saw 4 of its levels.

You collected 125 gold pieces.

Inventory:

Missiles
 g - 5 poisoned darts
Jewellery
 p - a +5 ring of evasion (left tentacle)
 r - a ring of magical power (right tentacle)
Wands
 b - a wand of flame (15) (quivered)
 c - a wand of charming (15)
 d - a wand of iceblast (5)
Scrolls
 e - 2 scrolls of fear {unknown}
 h - 3 scrolls of fog {unknown}
 i - a scroll of enchant armour {unknown}
 j - a scroll of poison {unknown}
 k - a scroll of amnesia {unknown}
 n - a scroll of blinking {unknown}
 o - a scroll of teleportation {unknown}
 s - a scroll of vulnerability {unknown}
 t - a scroll of identify {unknown}
 w - a scroll of immolation
 x - 2 scrolls of brand weapon {unknown}
Potions
 a - 2 potions of heal wounds
 f - a potion of mutation {unknown}
 l - a potion of haste {unknown}
 m - 4 potions of curing {unknown}
 q - a potion of resistance {unknown}
 u - a potion of lignification {unknown}
 v - a potion of brilliance {unknown}


   Skills:
 + Level 2.2 Fighting
 - Level 2.3 Dodging
 - Level 1.3 Stealth
 + Level 5.2 Unarmed Combat
 - Level 3.2 Evocations


You had 5 spell levels left.
You didn't know any spells.
Your spell library contained the following spells:

 Spells                   Type           Power      Damage    Failure   Level
 Sublimation of Blood     Necr           0%         N/A       38%         2
 Petrify                  Alch/Erth      0%         N/A       95%         4
 Irradiate                Conj/Alch      0%         3d11      100%        5


Dungeon Overview and Level Annotations

Branches:
Dungeon (4/15)
 Temple: D:4-7

Altars:
Dithmenos
Makhleb
Wu Jian
Yredelemnul

Shops:
D:4 (

Annotations:
D:3 1 runed translucent door, exclusion: door, YordlordTheGreat's ghost, weakling DEHs


Innate Abilities, Weirdness & Mutations

You cannot wear most types of armour.
You are amphibious.
You can wear up to eight rings at the same time.
Your skin changes colour to match your surroundings (Stealth+).
Your rubbery body absorbs attacks. (AC +1, EV +1)
((You are camouflaged when in or above water. (Stealth+)))
You have tentacles for arms and can constrict up to eight enemies at once.


Message History

The endoplasm misses you.
You bludgeon the endoplasm!
You kill the endoplasm!
No target in view!
x - 2 scrolls labelled HOMUIC KUIW (gained 1)
An endoplasm comes into view.
An iguana comes into view.
There are monsters nearby!
There are monsters nearby!
There are monsters nearby!
The iguana hisses angrily.
The iguana hisses angrily.
You hear an angry hiss.
The endoplasm quivers.
You barely miss the iguana. Your grab misses the iguana.
The iguana completely misses you.
You completely miss the iguana. You grab the iguana.
You tentacle-slap the iguana, but do no damage.
You constrict the iguana, but do no damage.
The iguana bites you. The endoplasm freezes you.
You are frozen.
You barely miss the iguana. Your squeeze misses the iguana.
You constrict the iguana, but do no damage.
The iguana misses you. The endoplasm completely misses you.
You barely miss the iguana.
You constrict the iguana, but do no damage.
The iguana closely misses you. The endoplasm barely misses you.
You tentacle-slap the iguana. You squeeze the iguana.
The iguana is moderately wounded.
You constrict the iguana. The iguana misses you. The endoplasm hits you.
The iguana bites you!
You tentacle-slap the iguana.
The iguana is severely wounded.
You constrict the iguana. The iguana barely misses you. The iguana misses you.
The endoplasm closely misses you. The iguana bites you.
You are too injured to fight recklessly!
You release your grip on the iguana.
The iguana bites you!
* * * LOW HITPOINT WARNING * * *
The iguana attacks as it pursues you! The iguana bites you!
You die...

##...# # ..... ..
#...####.#..#.#
#...#.......#.#
#...#.##......###
#####..J........#....
#......l..##.........
######ll#.##....#...##
#.##@.#.#...........
#.##..#.#.....# #.#
#.##..........# #(.
####.............#####..
#..........###.#.#......
####.##.##.# #.#.#.####.
#.##.##<# #.#.#.# #.
#.##.######.#.#.#####
#.##.................


You could see 3 iguanas and an endoplasm.

Vanquished Creatures
  A bombardier beetle (D:4)
  2 hounds (D:4)
  6 adders
  A dart slug (D:3)
  13 bats
  6 endoplasms
  6 giant cockroaches
  7 goblins
  7 hobgoblins
  3 jackals (D:1)
  8 kobolds
  2 quokkas
  7 ball pythons
  6 frilled lizards
  11 rats
86 creatures vanquished.

Notes
Turn   | Place    | Note
-------+----------+-------------------------------------------
     0 | D:1      | H0rd4k the Octopode Artificer began the quest for the Orb.
     0 | D:1      | Reached XP level 1. HP: 13/13 MP: 1/1
   186 | D:1      | Reached skill level 1 in Unarmed Combat
   195 | D:1      | Reached XP level 2. HP: 15/18 MP: 2/2
   366 | D:1      | Reached skill level 2 in Unarmed Combat
   449 | D:1      | Reached XP level 3. HP: 23/23 MP: 3/3
   662 | D:1      | Found a faded altar of an unknown god.
   719 | D:1      | You fall into a shaft and drop 1 floor!
   976 | D:2      | Reached skill level 3 in Unarmed Combat
   976 | D:2      | Reached XP level 4. HP: 23/29 MP: 4/4
  1042 | D:2      | Found a basalt altar of Yredelemnul.
  1560 | D:3      | Found a runed translucent door.
  1623 | D:3      | Noticed YordlordTheGreat's ghost (weakling DEHs)
  1765 | D:3      | Reached skill level 4 in Unarmed Combat
  1765 | D:3      | Reached XP level 5. HP: 31/34 MP: 5/5
  2037 | D:4      | Found Faozett's Weapon Boutique.
  2058 | D:4      | HP: 1/34 [burnt (3)]
  2146 | D:4      | Reached skill level 5 in Unarmed Combat
  2146 | D:4      | Reached XP level 6. HP: 34/39 MP: 6/6
  2213 | D:4      | Found a basalt altar of Yredelemnul.
  2216 | D:4      | Found an ornate altar of the Wu Jian Council.
  2217 | D:4      | Found a burning altar of Makhleb.
  2217 | D:4      | Found a shadowy altar of Dithmenos.
  2278 | D:4      | Slain by an iguana

Illustrated notes

Levels and vault maps discovered:
D:1:      amcnicky_arrival_flooded_fountain, layout_loops_ring,
          hellmonk_ecumenical_altar_heavens_door, minmay_tromino_mix6
D:2:      layout_basic, basic_altar
D:3:      layout_basic, ebering_ghost_inner_flame, minmay_mini_jars
D:4:      layout_basic, trog_wizard, grunt_temple_overflow_open, serial_shops,
          shop, nicolae_concentric_dashed_squares_wild, hangedman_feature_mirror

Skill      XL: |  1  2  3  4  5 |
---------------+----------------+-----
Unarmed Combat | 1 2 3 4 5 |  5.2
Fighting       | 2 |  2.2
Dodging        | |  2.3
Stealth        | |  1.3
Evocations     | |  3.2

Action                     |  1- 3 |  4- 6 || total
---------------------------+-------+-------++-------
  Melee: Unarmed           |    85 |   101 ||   186
         Constrict         |    21 |    25 ||    46
         Tentacles         |    16 |    16 ||    32
         Punch             |     1 |     4 ||     5
    Use: Potion            |       |     1 ||     1
   Stab: Sleeping          |    11 |    12 ||    23
         Distracted        |       |     2 ||     2
 Armour: Skin              |    26 |    45 ||    71
  Dodge: Dodged            |    57 |    75 ||   132
